 Dungeon Crawl Stone Soup version 0.31-a0-167-g1c394c0614 (webtiles) character file.

Game seed: 12363707126701170409

1267 qw the Skirmisher (level 8, -1/66 (74) HPs)
             Began as a Naga Hunter on June 14, 2023.
             Was an Initiate of Okawaru.
             Slain by an iguana (3 damage)
             ... on level 6 of the Dungeon.
             The game lasted 00:01:32 (4294 turns).

qw the Skirmisher (Naga Hunter)                     Turns: 4294, Time: 00:01:33

HP:   -1/66 (74)    AC:  4    Str: 14    XL:     8   Next: 53%
MP:   8/8           EV: 10    Int:  9    God:    Okawaru [......]
Gold: 21            SH:  0    Dex: 17    Spells: 7/7 levels left

rFire   . . .        Y - +0 shortbow
rCold   . . .        (shield currently unavailable)
rNeg    . . .        c - +0 leather armour
rPois   +            (no helmet)
rElec   .            (no cloak)
rCorr   .            (no gloves)
SInv    +            (no barding)
Will    +....        (no amulet)
Stlth   ++           (no ring)
HPRegen 0.31/turn    (no ring)
MPRegen 0.11/turn

%: no passive effects
@: short of breath, heavily drained, very slow
A: AC +2, large, see invisible, deformed body, poison resistance, slowness 2,
spit poison 1, naga tail 1
a: Spit Poison, Renounce Religion


You were on level 6 of the Dungeon.
You worshipped Okawaru.
Okawaru was noncommittal.
You visited 2 branches of the dungeon, and saw 7 of its levels.

You collected 129 gold pieces.
You spent 108 gold pieces at shops.


Innate Abilities, Weirdness & Mutations

Your serpentine skin is tough. (AC +2)
You have supernaturally acute eyesight. (SInv)
Armour fits poorly on your strangely shaped body.
Your system is resistant to poisons. (rPois)
You cover ground very slowly.
You can spit poison.
You have a snake-like lower body.


   Skills:
 - Level 5.0 Fighting
 + Level 8.8 Ranged Weapons
 - Level 2.1 Dodging
 - Level 1.5 Stealth
 - Level 0.5 Invocations


You had 7 spell levels left.
You didn't know any spells.
Your spell library was empty.

Inventory:

Hand Weapons
 Y - a +0 shortbow (weapon)
Armour
 c - a +0 leather armour (worn)
Scrolls
 g - a scroll of identify
Potions
 a - a potion of invisibility {unknown}
 b - 4 potions of curing
 d - a potion of resistance {unknown}
 f - a potion of haste {unknown}
 h - a potion of lignification {unknown}
 i - a potion of berserk rage {unknown}
 j - 2 potions of might {unknown}

Dungeon Overview and Level Annotations

Branches:
Dungeon (6/15)             Temple (1/1) D:4

Altars:
Elyvilon
Fedhas
Gozag
Hepliaklqana
Kikubaaqudgha
Nemelex Xobeh
Okawaru
Qazlal
Ru
Sif Muna
Wu Jian
Xom
Yredelemnul
Zin

Shops:
D:4 :   D:5 !


Message History

You shoot an arrow. The arrow hits the kobold brigand.
The kobold brigand is heavily wounded.
The wight barely misses you.
The kobold brigand hits you with a +0 dagger!
4287 ||| DRINKING potion of heal wounds.
You feel much better.
An iguana comes into view.
The wight closely misses you.
The kobold brigand hits you with a +0 dagger.
You shoot an arrow. The iguana hisses angrily.
The arrow hits the kobold brigand.
The kobold brigand is severely wounded.
The wight hits you with a +0 battleaxe!
You feel drained.
The kobold brigand hits you but does no damage.
You shoot an arrow. The arrow hits the kobold brigand.
The kobold brigand is severely wounded.
You have got your breath back.
The wight barely misses you. The kobold brigand barely misses you.
4290 ||| INVOKING Spit Poison.
Aiming: Spit Poison (1% risk of failure)
Press: ? - help, Shift-Dir - straight line, f/p - kobold brigand The splash of poison hits the kobold brigand.
The kobold brigand looks even sicker.
The kobold brigand is almost dead.
You kill the kobold brigand!
Okawaru accepts your kill. The wight hits you with a +0 battleaxe!
You shoot an arrow. The arrow closely misses the wight.
The wight closely misses you.
You shoot an arrow. The arrow hits the wight.
The wight is moderately damaged.
The wight hits you with a +0 battleaxe.
You feel drained.
You shoot an arrow. The arrow hits the wight.
The wight is moderately damaged.
The iguana bites you. The wight hits you with a +0 battleaxe.
You feel drained.
You shoot an arrow. The arrow hits the wight!
The wight is severely damaged.
The iguana bites you.
You die...

..........# .........<#
....... ##........##
....... #........=.####
....... ##..............
....... #...........####
......?###...............
.?.....#..........~~~~~~~
.......#@###......~.)....
.......zl# ##.....~.~¤~~.
.#.##..)## #####.~.~...~
#..... #.~.~._.~
.<....... #.~.~...~
#..#....... #.~.¤~~~~ ..
#.....).. #.~...... .
......K... #.~~~~~~~
...........# #........


You could see an iguana and a wight.

Vanquished Creatures
  Sigmund (D:3)
  Menkaure (D:4)
  Duvessa (D:6)
  2 ogres (D:5)
  A kobold brigand (D:6)
  4 scorpions
  A wight (D:6)
  Dowan (D:6)
  An iguana (D:6)
  3 hounds
  A sleepcap (D:6)
  8 adders
  A white imp (D:5)
  An ufetubus (D:6)
  2 worms
  2 dart slugs
  3 orcs (D:5)
  4 ball pythons
  7 endoplasms
  5 giant cockroaches
  12 goblins
  7 hobgoblins
  2 jackals (D:3)
  6 kobolds
  7 quokkas
  6 bats
  2 frilled lizards
  8 rats
100 creatures vanquished.

Notes
Turn   | Place    | Note
-------+----------+-------------------------------------------
     0 | D:1      | qw the Naga Hunter began the quest for the Orb.
     0 | D:1      | Reached XP level 1. HP: 19/19 MP: 1/1
     0 | D:1      | 0 ||| qw: Version: 0.2-a-29-g1fa15c8
     0 | D:1      | 0 ||| qw: Game counter: 5006
     0 | D:1      | 0 ||| qw: Always use a shield: true
     0 | D:1      | 0 ||| qw: God list: Okawaru
     0 | D:1      | 0 ||| qw: Allow faded altars: false
     0 | D:1      | 0 ||| qw: Do Orc after D:15 true
     0 | D:1      | 0 ||| qw: Do second Lair branch before Depths: true
     0 | D:1      | 0 ||| qw: Lair rune preference: random
     0 | D:1      | 0 ||| qw: Plans: Normal
     0 | D:1      | 0 ||| PLANNING D:1-11
    32 | D:1      | 32 ||| INVOKING Spit Poison.
    44 | D:1      | 44 ||| INVOKING Spit Poison.
    75 | D:1      | 75 ||| INVOKING Spit Poison.
    77 | D:1      | Reached skill level 4 in Ranged Weapons
    77 | D:1      | Reached XP level 2. HP: 26/26 MP: 2/2
   124 | D:1      | 124 ||| INVOKING Spit Poison.
   165 | D:1      | 165 ||| INVOKING Spit Poison.
   172 | D:1      | 172 ||| INVOKING Spit Poison.
   244 | D:1      | 244 ||| INVOKING Spit Poison.
   249 | D:1      | 249 ||| INVOKING Spit Poison.
   301 | D:1      | 301 ||| INVOKING Spit Poison.
   382 | D:1      | 382 ||| INVOKING Spit Poison.
   391 | D:1      | Reached XP level 3. HP: 32/32 MP: 3/3
   489 | D:1      | 489 ||| READING scroll labelled XATRODGHOVO.
   490 | D:1      | 490 ||| READING scroll labelled NYNEASCHE LOW UXUA.
   491 | D:1      | 491 ||| READING scroll labelled PILENT UL GAVI.
   492 | D:1      | 492 ||| READING scroll labelled FUYVEZ WEIG.
   493 | D:1      | 493 ||| DRINKING 2 glowing black potions.
   494 | D:1      | 494 ||| DROPPING scroll of butterflies.
   554 | D:2      | 554 ||| INVOKING Spit Poison.
   607 | D:2      | 607 ||| INVOKING Spit Poison.
   682 | D:2      | 682 ||| INVOKING Spit Poison.
   688 | D:2      | 688 ||| INVOKING Spit Poison.
   729 | D:2      | 729 ||| INVOKING Spit Poison.
   760 | D:2      | 760 ||| INVOKING Spit Poison.
   773 | D:2      | 773 ||| INVOKING Spit Poison.
   780 | D:2      | 780 ||| INVOKING Spit Poison.
   836 | D:2      | 836 ||| INVOKING Spit Poison.
   843 | D:2      | 843 ||| INVOKING Spit Poison.
   848 | D:2      | HP: 8/32 [adder (3)]
   850 | D:2      | 850 ||| INVOKING Spit Poison.
   853 | D:2      | Reached skill level 5 in Ranged Weapons
   853 | D:2      | Reached XP level 4. HP: 8/39 MP: 4/4
   992 | D:2      | 992 ||| INVOKING Spit Poison.
   996 | D:2      | 996 ||| INVOKING Spit Poison.
  1025 | D:2      | 1025 ||| INVOKING Spit Poison.
  1028 | D:2      | 1028 ||| INVOKING Spit Poison.
  1031 | D:2      | 1031 ||| INVOKING Spit Poison.
  1278 | D:2      | 1278 ||| INVOKING Spit Poison.
  1400 | D:3      | 1400 ||| PLANNING SEWER
  1466 | D:3      | Noticed Sigmund
  1470 | D:3      | 1470 ||| INVOKING Spit Poison.
  1473 | D:3      | 1473 ||| DRINKING potion of curing.
  1473 | D:3      | 1473 ||| (to cure confusion)
  1474 | D:3      | 1474 ||| INVOKING Spit Poison.
  1478 | D:3      | Killed Sigmund
  1479 | D:3      | Reached XP level 5. HP: 42/51 MP: 5/5
  1479 | D:3      | Reached XP level 6. HP: 47/58 MP: 6/6
  1584 | D:3      | 1584 ||| INVOKING Spit Poison.
  1593 | D:3      | 1593 ||| INVOKING Spit Poison.
  1597 | D:3      | 1597 ||| INVOKING Spit Poison.
  1619 | D:3      | 1619 ||| INVOKING Spit Poison.
  1630 | D:3      | 1630 ||| INVOKING Spit Poison.
  1635 | D:3      | 1635 ||| INVOKING Spit Poison.
  1638 | D:3      | 1638 ||| INVOKING Spit Poison.
  1644 | D:3      | 1644 ||| INVOKING Spit Poison.
  1847 | D:3      | 1847 ||| INVOKING Spit Poison.
  1853 | D:3      | 1853 ||| INVOKING Spit Poison.
  1869 | D:3      | Found an opulent altar of Gozag.
  1980 | D:3      | 1980 ||| RIP SEWER
  1995 | D:3      | 1995 ||| PLANNING D:1-11
  2008 | D:3      | 2008 ||| INVOKING Spit Poison.
  2015 | D:3      | 2015 ||| INVOKING Spit Poison.
  2026 | D:3      | 2026 ||| INVOKING Spit Poison.
  2121 | D:3      | 2121 ||| READING scroll labelled LOUDGHUSIE.
  2137 | D:3      | 2137 ||| INVOKING Spit Poison.
  2143 | D:3      | 2143 ||| READING scroll labelled HIGAS LIGRESU.
  2149 | D:4      | 2149 ||| INVOKING Spit Poison.
  2157 | D:4      | 2157 ||| INVOKING Spit Poison.
  2166 | D:4      | Noticed Menkaure
  2173 | D:4      | 2173 ||| INVOKING Spit Poison.
  2185 | D:4      | Killed Menkaure
  2186 | D:4      | Reached skill level 6 in Ranged Weapons
  2186 | D:4      | Reached XP level 7. HP: 36/66 MP: 7/7
  2189 | D:4      | 2189 ||| FLEEEEING.
  2190 | D:4      | 2190 ||| FLEEEEING.
  2191 | D:4      | 2191 ||| FLEEEEING.
  2192 | D:4      | 2192 ||| FLEEEEING.
  2193 | D:4      | 2193 ||| FLEEEEING.
  2194 | D:4      | 2194 ||| FLEEEEING.
  2195 | D:4      | 2195 ||| FLEEEEING.
  2196 | D:4      | 2196 ||| FLEEEEING.
  2197 | D:4      | 2197 ||| FLEEEEING.
  2198 | D:4      | 2198 ||| STAIRDANCE
  2333 | D:4      | 2333 ||| INVOKING Spit Poison.
  2336 | D:4      | 2336 ||| INVOKING Spit Poison.
  2340 | D:4      | 2340 ||| INVOKING Spit Poison.
  2344 | D:4      | 2344 ||| INVOKING Spit Poison.
  2401 | D:4      | 2401 ||| INVOKING Spit Poison.
  2497 | D:4      | Found Watrom's Vocational Training.
  2511 | D:4      | 2511 ||| INVOKING Spit Poison.
  2605 | D:4      | Found a staircase to the Ecumenical Temple.
  2606 | D:4      | 2606 ||| PLANNING TEMPLE
  2606 | D:4      | 2606 ||| READING scroll labelled GIAROA JOOX UGAPT.
  2615 | Temple   | Entered the Ecumenical Temple
  2617 | Temple   | 2617 ||| PLANNING OKAWARU WORSHIP
  2640 | Temple   | Became a worshipper of Warmaster Okawaru
  2641 | Temple   | 2641 ||| PLANNING D:1-11
  2651 | D:4      | 2651 ||| INVOKING Spit Poison.
  2723 | D:4      | 2723 ||| INVOKING Spit Poison.
  2758 | D:4      | 2758 ||| INVOKING Spit Poison.
  2777 | D:4      | 2777 ||| INVOKING Spit Poison.
  2983 | D:5      | Entered Level 5 of the Dungeon
  2984 | D:5      | 2984 ||| INVOKING Spit Poison.
  2991 | D:5      | 2991 ||| INVOKING Spit Poison.
  2993 | D:5      | Reached skill level 7 in Ranged Weapons
  3065 | D:5      | Found Dutypac's Distillery.
  3074 | D:5      | 3074 ||| BUYING potion of curing (36 gold).
  3074 | D:5      | Bought a potion of curing for 36 gold pieces
  3074 | D:5      | 3074 ||| BUYING potion of curing (36 gold).
  3074 | D:5      | Bought a potion of curing for 36 gold pieces
  3074 | D:5      | 3074 ||| BUYING potion of curing (36 gold).
  3074 | D:5      | Bought a potion of curing for 36 gold pieces
  3074 | D:5      | 3074 ||| SHOPLISTING potion of heal wounds (60 gold, have
                  | 21).
  3126 | D:5      | 3126 ||| INVOKING Spit Poison.
  3135 | D:5      | 3135 ||| INVOKING Spit Poison.
  3140 | D:5      | 3140 ||| INVOKING Spit Poison.
  3140 | D:5      | Reached * piety under Okawaru
  3175 | D:5      | 3175 ||| INVOKING Spit Poison.
  3237 | D:5      | 3237 ||| INVOKING Spit Poison.
  3241 | D:5      | 3241 ||| INVOKING Heroism.
  3360 | D:5      | 3360 ||| INVOKING Spit Poison.
  3365 | D:5      | 3365 ||| INVOKING Spit Poison.
  3367 | D:5      | Reached XP level 8. HP: 53/73 MP: 8/8
  3440 | D:5      | 3440 ||| INVOKING Spit Poison.
  3445 | D:5      | 3445 ||| INVOKING Spit Poison.
  3449 | D:5      | 3449 ||| INVOKING Spit Poison.
  3624 | D:5      | 3624 ||| INVOKING Spit Poison.
  3800 | D:5      | 3800 ||| READING 2 scrolls labelled XIOGUNW OFOIRU.
  3801 | D:5      | 3801 ||| DRINKING 2 fizzy clear potions.
  3848 | D:6      | Reached skill level 8 in Ranged Weapons
  3933 | D:6      | Found a shimmering altar of Xom.
  3934 | D:6      | Noticed Dowan
  3941 | D:6      | 3941 ||| INVOKING Spit Poison.
  3946 | D:6      | 3946 ||| INVOKING Spit Poison.
  3946 | D:6      | Killed Dowan
  3955 | D:6      | 3955 ||| INVOKING Spit Poison.
  3964 | D:6      | Noticed Duvessa
  3965 | D:6      | 3965 ||| INVOKING Heroism.
  3966 | D:6      | 3966 ||| INVOKING Spit Poison.
  3973 | D:6      | 3973 ||| INVOKING Spit Poison.
  3976 | D:6      | Killed Duvessa
  4167 | D:6      | 4167 ||| INVOKING Spit Poison.
  4174 | D:6      | 4174 ||| INVOKING Spit Poison.
  4175 | D:6      | 4175 ||| INVOKING Heroism.
  4271 | D:6      | 4271 ||| INVOKING Spit Poison.
  4272 | D:6      | 4272 ||| Stepping ~*~*~tactically~*~*~ (outnumbered).
  4277 | D:6      | 4277 ||| INVOKING Spit Poison.
  4280 | D:6      | 4280 ||| INVOKING Spit Poison.
  4285 | D:6      | 4285 ||| INVOKING Spit Poison.
  4286 | D:6      | HP: 14/68 [kobold brigand/+0 dagger (8)]
  4287 | D:6      | 4287 ||| DRINKING potion of heal wounds.
  4290 | D:6      | 4290 ||| INVOKING Spit Poison.
  4292 | D:6      | HP: 16/69 [wight/+0 battleaxe (6)]
  4293 | D:6      | HP: 3/67 [wight/+0 battleaxe (5)]
  4294 | D:6      | Slain by an iguana

Levels and vault maps discovered:
D:1:      psy_arrival_terrarium, layout_basic
D:2:      layout_loops_ring
D:3:      layout_loops_ring, lemuel_coloured_pillars_altar,
          gup_sewer_entry_pipe, uniq_sigmund
D:4:      layout_loops_ring, minmay_temple_entry_butterflies,
          nicolae_shop_vocational, uniq_menkaure
D:5:      layout_rooms, serial_shops, shop, roderic_serpentine_path,
          minmay_strange_pillars, kennysheep_dice
D:6:      layout_rooms, slow_altar_1, mainiacjoe_overflow_concentric_impassable,
          uniq_duvessa
Temple:   hellmonk_temple_two_chambers

Skill      XL: |  1  2  3  4  5  6  7  8 |
---------------+-------------------------+-----
Ranged Weapons | 4 5 6 7 8 |  8.8
Fighting       | 4 5 |  5.0
Dodging        | 2 |  2.1
Stealth        | |  1.5
Invocations    | |  0.5

Action                     |  1- 3 |  4- 6 |  7- 9 || total
---------------------------+-------+-------+-------++-------
   Fire: Shortbow          |    58 |    88 |   140 ||   286
 Invoke: Heroism           |       |       |     3 ||     3
Ability: Spit Poison       |    21 |    25 |    35 ||    81
    Use: Scroll            |     4 |     2 |     2 ||     8
         Potion            |     1 |     1 |     2 ||     4
 Armour: Leather armour    |     4 |    13 |    14 ||    31
  Dodge: Dodged            |    19 |    22 |    46 ||    87

Table legend:
 A = Non-vault XP
 B = Vault XP
 C = Vault XP percentage of total XP
 D = Non-vault monster count
 E = Vault monster count
 F = Vault count percentage of total count
                 A         B        C        D         E       F
            +---------+---------+-------+---------+---------+-------
      Total |    1184 |     627 |  34.6 |      88 |      12 |  12.0
            +---------+---------+-------+---------+---------+-------
        D:1 |      36 |       0 |   0.0 |      21 |       0 |   0.0
        D:2 |      60 |       0 |   0.0 |      15 |       0 |   0.0
        D:3 |      48 |     245 |  83.6 |      17 |       8 |  32.0
        D:4 |     224 |     175 |  43.9 |      17 |       1 |   5.6
        D:5 |     553 |       3 |   0.5 |      11 |       1 |   8.3
        D:6 |     263 |     204 |  43.7 |       7 |       2 |  22.2
            +---------+---------+-------+---------+---------+-------
